 Dungeon Crawl Stone Soup version 0.30-a0-723-gc1506a1cf0 (webtiles) character file.

Game seed: 7819754042291041514

135 PriceMaster the Conjurer (level 5, -4/31 HPs)
             Began as an Octopode Conjurer on Jan 28, 2023.
             Slain by an orc
             ... wielding a +0 mace
              (7 damage)
             ... on level 3 of the Dungeon.
             The game lasted 00:08:07 (3077 turns).

PriceMaster the Conjurer (Octopode Conjurer)        Turns: 3077, Time: 00:08:08

Health: -4/31      AC:  1    Str:  6    XL:     5   Next: 18%
Magic:  3/10       EV: 13    Int: 22    God:
Gold:   137        SH:  0    Dex: 11    Spells: 4/10 levels left

rFire   . . .      SeeInvis .    c - +0 short sword
rCold   . . .      Faith    .    (no shield)
rNeg    . . .      Spirit   .    (helmet restricted)
rPois   .          Reflect  .    (no amulet)
rElec   .          Harm     .    (no ring)
rCorr   .          Rampage  .    (no ring)
Will    .....                    (no ring)
Stlth   +++                      (no ring)
HPRegen 0.25/turn                (no ring)
MPRegen 0.12/turn                (no ring)
                                 (no ring)
                                 (no ring)

@: no status effects
A: almost no armour, amphibious, 8 rings, camouflage 1, gelatinous body 1,
(nimble swimmer 1), tentacles, evolution 1, subdued magic 1, MP-powered wands
a: no special abilities


You were on level 3 of the Dungeon.
You visited 1 branch of the dungeon, and saw 3 of its levels.

You collected 137 gold pieces.

Inventory:

Hand Weapons
 c - a +0 short sword (weapon)
Armour
 j - the +0 ring mail of the Equinox {rElec}
   (You found it on level 3 of the Dungeon)

   rElec:     It insulates you from electricity.
 k - a +2 robe of willpower
 l - the +4 ring mail of the Onion {rPois Int+6 Dex-4}
   (You found it on level 2 of the Dungeon)

   Int:       It affects your intelligence (+6).
   Dex:       It affects your dexterity (-4).
   rPois:     It protects you from poison.
Scrolls
 b - a scroll of teleportation


   Skills:
 + Level 0.1 Short Blades
 + Level 2.2 Dodging
 + Level 3.2 Stealth
 * Level 3.4 Spellcasting
 + Level 5.1 Conjurations


You had 4 spell levels left.
You knew the following spells:

 Your Spells              Type           Power      Damage    Failure   Level
a - Magic Dart            Conj           80%        1d7       1%          1
b - Searing Ray           Conj           40%        2d5       1%          2
c - Stone Arrow           Conj/Erth      22%        3d8       10%         3

Your spell library contained the following spells:

 Spells                   Type           Power      Damage    Failure   Level
 Sandblast                Erth           4%         2d4       10%         1
 Dazzling Flash           Conj/Hex       22%        N/A       10%         3
 Passwall                 Tmut/Erth      1%         N/A       16%         2
 Fulminant Prism          Conj/Hex       5%         3d6       34%         4
 Iskenderun's Mystic Bla  Conj/Tloc      11%        2d4       34%         4


Dungeon Overview and Level Annotations

Branches:
Dungeon (3/15)

Altars:


Innate Abilities, Weirdness & Mutations

You cannot wear most types of armour.
You are amphibious.
You can wear up to eight rings at the same time.
Your skin changes colour to match your surroundings (Stealth+).
Your rubbery body absorbs attacks. (AC +1, EV +1)
((You are camouflaged when in or above water. (Stealth+)))
You have tentacles for arms and can constrict up to eight enemies at once.
You have hidden genetic potential.
Your spells are a little easier to cast, but a little less powerful.
You expend magic power (3 MP) to strengthen your wands.


Message History

You feel less confused. Something hits you.
You miss something. Your squeeze misses something. Something hits you.
* * * LOW HITPOINT WARNING * * *
You barely miss something. Your squeeze misses something.
Something hits you but does no damage.
You hit something. Your squeeze misses something. Something hits you.
* * * LOW HITPOINT WARNING * * *
You aren't carrying any potions.
Something hits you.
* * * LOW HITPOINT WARNING * * *
You hear some strange, mumbled words.
Something tries to affect you, but you resist.
Something hits you.
* * * LOW HITPOINT WARNING * * *
Casting: Searing Ray (safe; 1% risk of failure)
Confirm with . or Enter, or press ? or * to list all spells.
Aiming: Magic Dart (safe; 1% risk of failure)
Press: ? - help, Shift-Dir - straight line, f - orc
Aim: an orc, wielding a +0 mace (100% to hit)
Okay, then.
Casting: Magic Dart (safe; 1% risk of failure)
Confirm with . or Enter, or press ? or * to list all spells.
Aiming: Searing Ray (safe; 1% risk of failure)
Press: ? - help, Shift-Dir - straight line, f - gnoll
Aim: a gnoll, wielding a +0 halberd (81% to hit)
The searing ray hits something.
Reactivating autopickup.
You feel a bit more experienced.
The searing ray misses the orc.
The searing ray hits the dart slug.
The dart slug is heavily wounded.
The searing ray hits the gnoll but does no damage. (Press . to maintain the ray.)
You float gracefully downwards.
Your Stealth skill increases to level 3!
You have reached level 5!
You feel agile. The orc attacks as you move away! The orc misses you.
The orc attacks as you move away! The orc hits you with a +0 mace!
You die...

#.# #)# #g# ###.# #.w.#
##.### ## #..# .#####
##o## .##..# #@.# ####.#
#.## #.## #.# #..# #.#
#####.##########.#
....#....##......#
......##....)....#
..........#.....########
......###.......##.....#


You could see a gnoll, a dart slug and an orc.

Vanquished Creatures
  2 orc wizards (D:3)
  2 gnolls
  An adder (D:3)
  4 dart slugs
  2 orcs (D:3)
  A ball python (D:3)
  10 bats
  4 endoplasms
  3 giant cockroaches (D:1)
  5 goblins
  2 hobgoblins (D:1)
  A quokka (D:1)
  2 frilled lizards (D:1)
  4 kobolds
  5 rats
48 creatures vanquished.

Notes
Turn   | Place    | Note
-------+----------+-------------------------------------------
     0 | D:1      | PriceMaster the Octopode Conjurer began the quest for the
                  | Orb.
     0 | D:1      | Reached XP level 1. HP: 11/11 MP: 3/3
   188 | D:1      | Reached XP level 2. HP: 17/17 MP: 0/5
   347 | D:1      | Learned a level 2 spell: Searing Ray
  1011 | D:1      | Reached XP level 3. HP: 21/21 MP: 4/6
  1718 | D:2      | Learned a level 3 spell: Stone Arrow
  2006 | D:2      | Identified the +4 ring mail of the Onion {rPois Int+6
                  | Dex-4}
  2303 | D:3      | Identified the +0 ring mail of the Equinox {rElec}
  2686 | D:2      | Reached skill level 5 in Conjurations
  2686 | D:2      | Reached XP level 4. HP: 14/27 MP: 6/8
  3040 | D:3      | Gained mutation: You are frail. (-10% HP) [potion of
                  | mutation]
  3040 | D:3      | Gained mutation: You passively dampen the noise of your
                  | surroundings. [potion of mutation]
  3047 | D:3      | Lost mutation: You passively dampen the noise of your
                  | surroundings. [potion of mutation]
  3047 | D:3      | Lost mutation: You are frail. (-10% HP) [potion of
                  | mutation]
  3047 | D:3      | Gained mutation: Your spells are a little easier to cast,
                  | but a little less powerful. [potion of mutation]
  3047 | D:3      | Gained mutation: You have hidden genetic potential. [potion
                  | of mutation]
  3047 | D:3      | Gained mutation: You expend magic power (3 MP) to
                  | strengthen your wands. [potion of mutation]
  3069 | D:3      | HP: 1/27 [something (3)]
  3071 | D:3      | Reached XP level 5. HP: 2/31 MP: 3/10
  3077 | D:3      | Slain by an orc

Illustrated notes

Levels and vault maps discovered:
D:1:      dpeg_arrival_lava_altar, layout_basic, serial_forest,
          infiniplex_forest_straight_1, infiniplex_forest_clump_tiny,
          infiniplex_forest_lined_room_, infiniplex_forest_lined_4_way,
          minmay_misc_feat_nine_boxes
D:2:      layout_basic
D:3:      layout_rooms

Skill      XL: |  1  2  3  4 |
---------------+-------------+-----
Conjurations   | 5 |  5.1
Spellcasting   | 3 |  3.4
Stealth        | 3 |  3.2
Short Blades   | |  0.1
Dodging        | |  2.2

Action                     |  1- 3 |  4- 6 || total
---------------------------+-------+-------++-------
  Melee: Short sword       |    10 |     6 ||    16
         Constrict         |     2 |       ||     2
         Tentacles         |     2 |       ||     2
   Cast: Magic Dart        |    66 |    12 ||    78
         Searing Ray       |     4 |     5 ||     9
         Stone Arrow       |     1 |       ||     1
    Use: Scroll            |     4 |       ||     4
         Potion            |       |     6 ||     6
 Armour: Skin              |       |     1 ||     1
  Dodge: Dodged            |    24 |    13 ||    37

Table legend: (Time is in decaauts)
 A = Elapsed time spent in this place.
 B = Non-inter-level travel time spent in this place.
 C = Inter-level travel time spent in this place.
 D = Time resting spent in this place.
 E = Time spent auto-exploring this place.
 F = Levels seen in this place.
 G = Mean time per level.
                   A        B        C        D        E       F      G
               +--------+--------+--------+--------+--------+-----+--------+
         Total |   3078 |   2951 |    127 |    203 |   2230 |   3 | 1026.0 |
       Dungeon |   3078 |   2951 |    127 |    203 |   2230 |   3 | 1026.0 |
               +--------+--------+--------+--------+--------+-----+--------+

Top non-repeatable levels by time:
     D:1: 1518 daAuts
     D:2: 1203 daAuts
     D:3: 356 daAuts
